Map: Solaris LE

Players

Subwayeatn

  • Race: Zerg Zerg
  • League: Diamond
  • Spawn Location: 7:00

Fenix - Winner!

  • Race: Protoss Protoss
  • League: Diamond
  • Spawn Location: 1:00

VOD

Have the link to the VOD?

Description

Time

  • Played on: Nov. 16, 2023, 12:42 p.m.
  • Length: 7:52
Show
View Real Time Build Order
Export as new Build Order

Subwayeatn Zerg 

Build Orders: Hatch First 

Get SALT Encoding   

  12  0:00  Drone  
  13  0:12  Overlord  
  13  0:18  Drone  
  14  0:30  Drone x2  
  16  0:48  Hatchery  
  15  0:57  Drone x2  
  15  0:59  Drone  
  15  1:03  Extractor  
  17  1:15  Spawning Pool  
  16  1:18  Drone  
  16  1:20  Drone  
  18  1:30  Drone  
  19  1:42  Overlord  
  19  1:58  Drone  
  20  2:02  Queen  
  20  2:03  Queen  
  20  2:05  Metabolic Boost  
  20  2:07  Zergling x2  
  20  2:08  Zergling x2  
  26  2:23  Drone x3  
  29  2:36  Drone  
  30  2:43  Hatchery  
  29  2:55  Drone x5  
  34  3:05  Overlord  
  34  3:10  Overlord  
  34  3:13  Queen  
  36  3:20  Lair  
  36  3:26  Drone x3  
  39  3:46  Drone x6  
  39  3:47  Drone x3  
  48  3:53  Baneling Nest, Extractor  
  46  3:59  Evolution Chamber, Extractor  
  46  4:00  Evolution Chamber  
  46  4:02  Drone x3  
  46  4:07  Queen  
  48  4:11  Overlord  
  48  4:18  Zergling x2  
  48  4:19  Zergling x4  
  48  4:22  Overseer  
  51  4:36  Drone x4  
  51  4:37  Zerg Melee Weapons Level 1  
  55  4:47  Zergling x6  
  55  4:48  Zergling x10  
  55  4:50  Baneling x6  
  63  4:57  Centrifugal Hooks  
  63  5:05  Zergling x6  
  66  5:09  Baneling x4  
  66  5:17  Baneling x2  
  66  5:18  Overlord  
  66  5:20  Overlord  
  66  5:21  Overlord  
  66  5:38  Queen  
  66  5:39  Queen  
  66  5:42  Queen  
  72  5:44  Zergling x2  
  72  5:45  Zergling x22  
  72  5:46  Zergling x2  
  72  5:48  Baneling x2  
  72  5:49  Baneling x2  
  85  5:50  Baneling x2  
  85  5:52  Baneling x2  
  85  5:53  Baneling  
  85  5:54  Baneling x2  
  85  5:55  Baneling  
  85  6:00  Overseer  
  85  6:03  Overlord  
  85  6:04  Overlord  
  69  6:21  Drone x11  
  68  6:41  Zergling x16  
  76  6:52  Zergling x6  
  67  7:09  Queen  
  67  7:11  Zergling x2  
  67  7:12  Zergling x14  
  61  7:28  Zergling x6  
  57  7:31  Zergling x4  
Show
View Real Time Build Order
Export as new Build Order

Fenix Protoss - Winner!

Build Orders: Forge Fast Expand (FFE) 

Get SALT Encoding   

  12  0:01  Probe  
  13  0:13  Probe  
  14  0:20  Pylon  
  14  0:25  Probe  
  15  0:41  Forge  
  15  0:43  Probe  
  16  0:56  Probe  
  17  1:08  Probe  
  18  1:17  Nexus  
  18  1:20  Probe  
  19  1:31  Assimilator  
  19  1:32  Probe  
  20  1:42  Gateway  
  20  1:46  Probe  
  21  1:57  Assimilator  
  21  1:59  Probe  
  22  2:06  Gateway  
  22  2:13  Photon Cannon  
  22  2:14  Pylon  
  22  2:20  Probe  
  23  2:30  Zealot  
  23  2:34  Probe x2  
  27  2:38  Pylon  
  27  2:48  Cybernetics Core  
  27  2:53  Zealot  
  27  2:56  Probe  
  27  2:58  Protoss Ground Weapons Level 1 (Chrono Boost)  
  30  3:00  Probe  
  31  3:10  Zealot  
  34  3:12  Probe  
  34  3:15  Warp Gate (Chrono Boost)  
  34  3:16  Probe  
  35  3:26  Twilight Council  
  35  3:39  Probe x2  
  35  3:40  Zealot  
  35  3:41  Zealot  
  41  3:49  Pylon  
  41  3:54  Probe x2  
  43  3:59  Gateway  
  43  4:07  Probe x2, Charge (Chrono Boost)  
  43  4:09  Zealot x2  
  49  4:20  Gateway  
  49  4:35  Probe x2  
  51  4:39  Protoss Ground Armor Level 1 (Chrono Boost)  
  51  4:50  Pylon  
  51  4:54  Probe  
  51  4:55  Pylon, Probe  
  51  4:57  Assimilator  
  51  4:59  Zealot x3  
  59  5:12  Pylon  
  59  5:16  Gateway  
  59  5:17  Gateway  
  59  5:20  Photon Cannon  
  59  5:24  Pylon, Probe x2  
  59  5:25  Zealot  
  59  5:26  Zealot  
  65  5:39  Zealot  
  65  5:40  Zealot  
  69  5:47  Assimilator  
  69  5:48  Zealot x2  
  73  5:54  Photon Cannon  
  73  5:59  Photon Cannon  
  73  6:03  Templar Archives  
  73  6:04  Zealot x2  
  47  6:20  Zealot x4  
  53  6:30  Zealot  
  53  6:31  Zealot  
  55  6:43  Probe x2  
  55  6:45  Zealot x2  
  61  6:55  Probe  
  62  7:05  Zealot  
  62  7:06  Zealot x5  
  68  7:33  Nexus  
  68  7:35  Pylon  
  62  7:40  Zealot x3  
  62  7:41  Zealot x2  
Tags
 
Add a new tag
Caveats
  • Supply blocks, unpowered buildings, or Contaminate may cause inaccurate times.
  • Supply counts are checked every 10 seconds.